 Dungeon Crawl Stone Soup version 0.21-a0-135-g8dc100c (webtiles) character file.

143 HateThisGame the Vexing (level 5, 0/35 HPs)
             Began as a Mummy Enchanter on July 17, 2017.
             Was an Initiate of Ashenzari.
             Slain by a centaur (5 damage)
             ... on level 3 of the Dungeon.
             The game lasted 00:10:14 (4220 turns).

HateThisGame the Vexing (Mummy Enchanter)           Turns: 4220, Time: 00:10:15

Health: 0/35       AC:  4    Str: 12    XL:     5   Next: 4%
Magic:  2/18       EV: 12    Int: 15    God:    Ashenzari [......]
Gold:   85         SH:  0    Dex: 12    Spells: 3/9 levels left

rFire    x . .     SeeInvis .   a - +1 dagger
rCold    + . .     Gourm    .   (no shield)
rNeg     + + +     Faith    .   b - +0 robe
rPois    ∞         Spirit   .   h - +0 helmet
rElec    .         Reflect  .   (no cloak)
rCorr    .         Harm     .   f - +0 pair of gloves
MR       .....                  (no boots)
Stlth    ++........             (no amulet)
HPRegen  0.11/turn              i - ring of magical power
MPRegen  0.16/turn              (no ring)

@: no status effects
A: no food or potions, fire vulnerability, cold resistance 1, negative energy
resistance 3, torment resistance, unbreathing
a: Curse Item, Renounce Religion


You were on level 3 of the Dungeon.
You worshipped Ashenzari.
Ashenzari was noncommittal.
You were not hungry.

You visited 1 branch of the dungeon, and saw 3 of its levels.

You collected 85 gold pieces.

Inventory:

Hand Weapons
 a - a +1 dagger (weapon)
Armour
 b - a +0 robe (worn)
 f - a +0 pair of gloves (worn)
 h - a +0 helmet (worn)
Jewellery
 i - a ring of magical power (left hand)
Scrolls
 d - a scroll of identify
 e - a scroll of amnesia
Books
 c - a book of Maledictions

   Spells                             Type                      Level
   a - Corona                         Hexes                        1
   b - Ensorcelled Hibernation        Hexes/Ice                    2
   c - Confuse                        Hexes                        3
   d - Tukima's Dance                 Hexes                        3
   e - Dazzling Spray                 Conjuration/Hexes            3


   Skills:
 - Level 0.7 Short Blades
 - Level 1.5 Dodging
 - Level 3.6 Stealth
 - Level 2.6 Spellcasting
 * Level 4.4 Hexes


You had 3 spell levels left.
You knew the following spells:

 Your Spells              Type           Power        Failure   Level  Hunger
a - Corona                Hex            ###....      3%          1    N/A
b - Ensorcelled Hibernat  Hex/Ice        #.....       13%         2    N/A
c - Confuse               Hex            ###.....     10%         3    N/A

Dungeon Overview and Level Annotations

Branches:
Dungeon (3/15)

Altars:
Ashenzari
Gozag
Nemelex Xobeh

Annotations:
D:2 exclusion: downstairs


Innate Abilities, Weirdness & Mutations

You do not eat or drink.
Your flesh is vulnerable to fire.
You are immune to poison.
Your flesh is cold resistant. (rC+)
You are immune to negative energy. (rN+++)
You are immune to unholy pain and torment.
You can survive without breathing.


Message History

Aim: a centaur (moderately wounded)
You throw a throwing net. The throwing net hits the centaur.
The centaur is caught in the net!
The centaur is moderately wounded.
The centaur struggles against the net. x2
You hit the centaur but do no damage.
The centaur is moderately wounded.
The centaur struggles against the net.
You hit the centaur but do no damage.
The centaur is moderately wounded.
The centaur struggles against the net.
The net rips apart, and the centaur comes free!
The centaur barely misses you.
You barely miss the centaur.
The centaur is moderately wounded.
The centaur barely misses you.
You barely miss the centaur.
The centaur is moderately wounded.
The centaur hits you.
You die...

.# ### .# #.. ..
#.# . #
####.##.#.#.
#.#...#...#.
#...@c(# #.
#.#...#.###.##
##.##.##...## #
#..........##.##.
#................
#........<.#
#..........#
#......###.#
#.###### .#


You could see a centaur.

Vanquished Creatures
  A wight (D:2)
  2 adders (D:2)
  3 gnolls
  2 worms (D:2)
  4 dart slugs (D:1)
  2 leopard geckos
  A ball python (D:1)
  4 bats
  2 giant cockroaches (D:2)
  3 goblins
  4 hobgoblins
  2 jackals
  5 kobolds
  3 frilled lizards
  5 rats
43 creatures vanquished.

Notes
Turn   | Place    | Note
-------+----------+-------------------------------------------
     0 | D:1      | HateThisGame the Mummy Enchanter began the quest for the Orb.
     0 | D:1      | Reached XP level 1. HP: 13/13 MP: 4/4
   575 | D:1      | Reached skill level 3 in Hexes
   575 | D:1      | Reached XP level 2. HP: 19/19 MP: 3/5
   594 | D:1      | Learned a level 2 spell: Ensorcelled Hibernation
  1375 | D:2      | Reached XP level 3. HP: 24/24 MP: 7/7
  1380 | D:2      | Learned a level 3 spell: Confuse
  1945 | D:2      | Found an opulent altar of Gozag.
  1946 | D:2      | Found a sparkling altar of Nemelex Xobeh.
  2025 | D:2      | Found a shattered altar of Ashenzari.
  2029 | D:2      | Became a worshipper of Ashenzari the Shackled
  2833 | D:2      | Reached XP level 4. HP: 23/30 MP: 0/8
  3267 | D:3      | Noticed a centaur
  3843 | D:1      | Reached skill level 4 in Hexes
  4033 | D:2      | Reached XP level 5. HP: 28/35 MP: 1/9
  4220 | D:3      | Slain by a centaur

Vault maps used:
D:1:      dpeg_arrival_radiant, minmay_close_crescents
D:2:      grunt_temple_overflow_opulence, nicolae_ashenzari_panopticon,
          kennysheep_crisscross
D:3:      chequers_temple_overflow_statue_of_worship, kennysheep_pointless_box

Skill      XL: |  1  2  3  4 |
---------------+-------------+-----
Hexes          | 3 4 |  4.4
Stealth        | 3 |  3.6
Short Blades   | |  0.7
Dodging        | |  1.5
Spellcasting   | |  2.6

Action                   |  1- 3 |  4- 6 || total
-------------------------+-------+-------++-------
Melee: Dagger            |   115 |    29 ||   144
Throw: Throwing net      |       |     2 ||     2
 Cast: Corona            |    12 |       ||    12
       Ensorcelled Hiber |    33 |    16 ||    49
       Confuse           |       |     9 ||     9
  Use: Scroll            |     2 |       ||     2
 Stab: Sleeping          |    19 |     7 ||    26
Armor: Robe              |    17 |     4 ||    21
Dodge: Dodged            |    65 |    26 ||    91
